 Dungeon Crawl Stone Soup version 0.19-a0-706-g03de5d9 (webtiles) character file.

3219 tyrsky the Spear-Bearer (level 9, -18/56 HPs)
             Began as a Merfolk Gladiator on June 19, 2016.
             Was a Follower of Okawaru.
             Demolished by a tentacled starspawn (22 damage)
             ... on level 2 of the Abyss.
             The game lasted 00:23:26 (8950 turns).

tyrsky the Spear-Bearer (Merfolk Gladiator)         Turns: 8950, Time: 00:23:27

Health: -18/56     AC:  3    Str: 15    XL:     9   Next: 97%
Magic:  14/14      EV: 12    Int:  7    God:    Okawaru [*.....]
Gold:   175        SH: 11    Dex: 13    Spells: 1 memorised, 12 levels left

rFire  + . .     SeeInvis .     J - +2 trident
rCold  . . .     Gourm    .     b - +0 leather armour
rNeg   + . .     Faith    .     K - +0 large shield
rPois  .         Spirit   .     p - +0 hat
rElec  .         Dismiss  .     (no cloak)
rCorr  .         Reflect  .     (no gloves)
SustAt .         Harm     .     (no boots)
MR     +....     Rnd*Rage +     (no amulet)
Stlth  +.........               v - ring "Pyfy" {rF+ rN+ Dex+3}
                                x - ring of protection from magic

@: very slightly contaminated, somewhat resistant to hostile enchantments, very
unstealthy
A: change form in water, swift swim, berserk 3, clumsy 2, frail 2, slow
regeneration 1, weak 2
a: Heroism, Renounce Religion


You were on level 2 of the Abyss.
You worshipped Okawaru.
Okawaru was aware of your devotion.
You were not hungry.

You visited 2 branches of the dungeon, and saw 10 of its levels.
You visited the Abyss 1 time.

You collected 263 gold pieces.
You spent 88 gold pieces at shops.

Inventory:

Hand Weapons
 a - a +0 trident
 h - a +3 scythe of venom
 J - a +2 trident (weapon)
Armour
 b - a +0 leather armour (worn)
 c - a +1 helmet
 p - a +0 hat (worn)
 K - a +0 large shield (worn)
Jewellery
 i - an uncursed ring of magical power
 v - the ring "Pyfy" (right hand) {rF+ rN+ Dex+3}
   (You found it on level 4 of the Dungeon)

   [ring of dexterity]

   It affects your dexterity (+3).
   It protects you from fire.
   It protects you from negative energy.
 x - a ring of protection from magic (left hand)
 y - an uncursed ring of positive energy
 D - an uncursed ring of resist corrosion
 E - an uncursed ring of protection from fire
 M - an uncursed ring of stealth {unknown}
Wands
 G - a wand of digging (10/24)
 H - a wand of acid (5/15)
Scrolls
 d - 2 scrolls of random uselessness
 e - a scroll of fear
 k - 7 scrolls of remove curse
 m - a scroll of enchant armour
 o - 2 scrolls of magic mapping
 A - a scroll of blinking
 C - a scroll of fog
 F - a scroll of recharging
Potions
 g - a potion of curing
 j - 2 potions of invisibility
 l - 2 potions of mutation
 q - 3 potions of lignification
 t - 3 potions of berserk rage
 w - 2 potions of flight
 I - 2 potions of agility
Books
 r - a book of Cantrips

   Spells                             Type                      Level
   a - Corona                         Hexes                        1
   b - Animate Skeleton               Necromancy                   1
   c - Summon Small Mammal            Summoning                    1
   d - Apportation                    Translocation                1
 s - a book of Spatial Translocations

   Spells                             Type                      Level
   a - Apportation                    Translocation                1
   b - Blink                          Translocation                2
   c - Shroud of Golubria             Charms/Translocation         2
   d - Portal Projectile              Translocation                3
   e - Teleport Other                 Translocation                3
   f - Passage of Golubria            Translocation                4
Comestibles
 f - 4 bread rations
 n - 2 royal jellies
 u - 5 meat rations
 L - a beef jerky


   Skills:
 + Level 6.9 Fighting
 * Level 13.0 Polearms
 - Level 2.0 Throwing
 + Level 8.9 Dodging
 + Level 0.4 Shields
 + Level 3.3 Spellcasting
 + Level 3.0 Translocations


You had 12 spell levels left.
You knew the following spells:

 Your Spells              Type           Power        Failure   Level  Hunger
a - Blink                 Tloc           N/A          100%        2    ###....


Dungeon Overview and Level Annotations

Branches:
Dungeon (9/15)             Temple (1/1) D:4
   Lair: D:8-11         Orc: D:9-12

Altars:
Ashenzari
Cheibriados
Dithmenos
Elyvilon
Fedhas
Gozag
Hepliaklqana
Kikubaaqudgha
Makhleb
Nemelex Xobeh
Okawaru
Pakellas
Qazlal
Ru
Sif Muna
Trog
Uskayaw
Vehumet
Xom
Yredelemnul
Zin
The Shining One

Shops:
D:7 [?(%*

Annotations:
D:6 tyrsky's ghost, novice MfGl
D:8 Xiguana's ghost, novice VSMo


Innate Abilities, Weirdness & Mutations

You revert to your normal form in water.
You are very nimble and swift while swimming.
You regenerate slowly when monsters are visible.
You are very weak. (Str -4)
[You have an uncontrollable temper.]
[You are very clumsy. (Dex -4)]
[You are very frail. (-20% HP)]


Message History

The small abomination closely misses you.
The small abomination hits you!
* * * LOW HITPOINT WARNING * * *
The wretched star pulses with an eldritch light!
You feel angry.
You feel extremely angry at everything!
The smoke demon twists and deforms.
You block the small abomination's attack.
A starcursed mass comes into view.
The small abomination closely misses you.
The wretched star pulses with an eldritch light!
You feel frail. x2; You feel clumsy. x2
A starcursed mass splits.
A starcursed mass splits. x2
The small abomination closely misses you.
You block the small abomination's attack.
A tentacled starspawn comes into view.
The tentacled starspawn bites you!!
* * * LOW HITPOINT WARNING * * *
The tentacled starspawn engulfs you!!
You die...

#..#*..##. #.
..#
#..#.#.###.##.#
#.#
#....##.3.##.#.
# ...# # .
##...
....##...# ## #
##.3..#*##...#
##.###3..#
#.##..#.#..#
#.# ##..x####.#
#. ####m...# X
#.X###.# X. ###
.


You could see a tentacled starspawn, a wretched star, a chaos spawn and a small
abomination.

Vanquished Creatures
  Grinder (D:4)
  Sigmund (D:4)
  A hippogriff (D:8)
  A hungry ghost (D:8)
  Menkaure (D:4)
  The ghost of WereVolvo the Insei, an amateur OpTm (D:3)
  A soldier ant (D:8)
  A water moccasin (D:8)
  A sky beast (D:7)
  An ice beast (D:5)
  3 ogres
  An orc warrior (D:7)
  2 centaurs
  3 giant frogs
  A scorpion (D:7)
  8 wights
  A wasp zombie (D:6)
  2 centaur zombies
  4 orc priests
  3 hounds
  2 orc wizards
  8 worker ants
  2 hound skeletons (D:6)
  12 adders
  4 gnolls (D:8)
  4 shadow imps
  An adder skeleton (D:5)
  2 dart slugs
  6 giant geckos
  11 orcs
  12 bats
  3 giant cockroaches
  11 goblins
  14 hobgoblins
  20 jackals
  6 quokkas
  2 ball pythons
  A giant gecko skeleton (D:4)
  A giant gecko zombie (D:8)
  5 giant newts
  18 kobolds
  2 quokka skeletons
  3 rats
188 creatures vanquished.

Vanquished Creatures (others)
  A large abomination (Abyss:2)
  A small abomination (Abyss:2)
2 creatures vanquished.

Grand Total: 190 creatures vanquished

Notes
Turn   | Place    | Note
--------------------------------------------------------------
     0 | D:1      | tyrsky the Merfolk Gladiator began the quest for the Orb.
     0 | D:1      | Reached XP level 1. HP: 16/16 MP: 1/1
   349 | D:1      | Reached XP level 2. HP: 23/23 MP: 2/2
   378 | D:1      | Reached skill level 5 in Polearms
   749 | D:1      | Reached XP level 3. HP: 24/28 MP: 3/3
  1290 | D:2      | Reached XP level 4. HP: 35/35 MP: 4/4
  1377 | D:2      | Reached skill level 6 in Polearms
  1630 | D:2      | Found a deep blue altar of Sif Muna.
  2043 | D:3      | Reached XP level 5. HP: 41/41 MP: 5/5
  2117 | D:3      | Noticed WereVolvo's ghost (amateur OpTm)
  2274 | D:3      | Killed WereVolvo's ghost
  2274 | D:3      | Reached skill level 7 in Polearms
  2274 | D:3      | Reached skill level 5 in Dodging
  2274 | D:3      | Reached XP level 6. HP: 48/48 MP: 6/6
  2556 | D:3      | Reached skill level 8 in Polearms
  2962 | D:4      | Reached XP level 7. HP: 53/54 MP: 7/7
  2969 | D:4      | Noticed Sigmund
  3039 | D:4      | Found a staircase to the Ecumenical Temple.
  3078 | D:4      | Killed Sigmund
  3078 | D:4      | Reached skill level 9 in Polearms
  3102 | D:4      | Noticed Grinder
  3120 | D:4      | Paralysed by Grinder for 5 turns
  3128 | D:4      | Killed Grinder
  3128 | D:4      | Reached skill level 5 in Fighting
  3533 | D:4      | Noticed Menkaure
  3539 | D:4      | Killed Menkaure
  3539 | D:4      | Reached skill level 10 in Polearms
  3539 | D:4      | Reached XP level 8. HP: 54/62 MP: 8/8
  3556 | D:4      | Got a crude ivory ring
  3611 | D:5      | Entered Level 5 of the Dungeon
  4051 | Temple   | Entered the Ecumenical Temple
  4302 | D:5      | Identified the ring "Pyfy" {rF+ rN+ Dex+3} (You found it on level 4 of the Dungeon)
  4737 | D:7      | Found Nyah's Magic Scroll Shop.
  4984 | D:6      | Noticed tyrsky's ghost (novice MfGl)
  5031 | D:6      | Learned a level 2 spell: Blink
  5279 | D:6      | Reached skill level 11 in Polearms
  5765 | D:6      | Reached skill level 1 in Spellcasting
  6010 | D:6      | Found an iron altar of Okawaru.
  6015 | D:6      | Became a worshipper of Warmaster Okawaru
  6172 | D:7      | Reached skill level 1 in Translocations
  6180 | D:7      | Found Zang's Food Emporium.
  6188 | D:7      | Reached XP level 9. HP: 66/69 MP: 11/11
  6208 | D:7      | Found Oqukhau's General Store.
  6216 | D:7      | Bought a scroll of teleportation for 36 gold pieces
  6219 | D:7      | Found a blossoming altar of Fedhas.
  6219 | D:7      | Found a sacrificial altar of Ru.
  6221 | D:7      | Found a white marble altar of Elyvilon.
  6221 | D:7      | Found a shimmering altar of Xom.
  6221 | D:7      | Found a burning altar of Makhleb.
  6221 | D:7      | Found an ancient bone altar of Kikubaaqudgha.
  6221 | D:7      | Found an opulent altar of Gozag.
  6222 | D:7      | Found a hide-covered altar of Uskayaw.
  6282 | D:7      | Gained mutation: You regenerate slowly when monsters are visible. [mutagenic meat]
  6283 | D:7      | Gained mutation: You are weak. (Str -2) [mutagenic meat]
  6284 | D:7      | Gained mutation: You are very weak. (Str -4) [mutagenic meat]
  6285 | D:7      | Gained mutation: [You tend to lose your temper in combat.] [mutagenic meat]
  6709 | D:7      | Reached skill level 12 in Polearms
  6801 | D:7      | Reached * piety under Okawaru
  6941 | D:7      | Found Myulomm's Antique Armour Emporium.
  6954 | D:7      | Found Avegyesu's Weapon Boutique.
  6984 | D:7      | Bought a scroll of fear for 52 gold pieces
  7890 | D:8      | Noticed Xiguana's ghost (novice VSMo)
  8315 | D:8      | Reached skill level 13 in Polearms
  8357 | D:8      | HP: 1/71 [soldier ant (10)]
  8360 | D:8      | Cast into level 2 of the Abyss (miscasting Blink)
  8419 | Abyss:2  | Noticed a silent spectre
  8725 | Abyss:2  | Noticed an ancient zyme
  8865 | Abyss:2  | Noticed an efreet
  8872 | Abyss:2  | Noticed a smoke demon
  8888 | Abyss:2  | Noticed a large abomination
  8911 | Abyss:2  | Killed a large abomination
  8912 | Abyss:2  | Noticed a wretched star
  8929 | Abyss:2  | Noticed a starcursed mass
  8942 | Abyss:2  | Noticed a starcursed mass
  8950 | Abyss:2  | Noticed a tentacled starspawn
  8950 | Abyss:2  | Demolished by a tentacled starspawn

Vault maps used:
D:1:      minmay_arrival_four_circles, minmay_misc_feat_secret_circle,
          hangedman_decor_riveting
D:2:      led_sif_pool
D:3:      first_bread, minmay_joined_circles
D:4:      minmay_temple_entry_from_below_a, uniq_menkaure, uniq_grinder,
          uniq_sigmund
D:6:      wad_pebble_path, overflow_temple_1_default
D:7:      grunt_temple_overflow_open, serial_co_window_serial,
          co_window_corner_a, co_window_paths_b, co_window_corner_a,
          co_window_paths_a, co_window_paths_b, co_window_paths_b,
          co_window_paths_a, co_window_unsneaky_path_a, co_window_corner_b,
          co_window_cross_3, co_window_4corner_b, co_window_4corner_a,
          glass_columns_a, glass_columns_a, serial_shops, kennysheep_little_box,
          nicolae_shop_stone, nicolae_shop_waterfront, shop,
          nicolae_shop_statue_plus
D:8:      the_bakery, zaba_anthell
D:9:      hangedman_abyss_or_decor_stagger, uniq_pikel
Temple:   jpeg_temple_clearing_12

Skill      XL: |  1  2  3  4  5  6  7  8  9 |
---------------+----------------------------+-----
Polearms       | 5 6 7 8 10 11 13 | 13.0
Fighting       | 3 4 5 6 |  6.9
Dodging        | 5 6 8 |  8.9
Spellcasting   | 1 3 |  3.3
Translocations | 1 3 |  3.0
Throwing       | |  2.0
Shields        | |  0.4

Action                   |  1- 3 |  4- 6 |  7- 9 || total
-------------------------+-------+-------+-------++-------
Melee: Trident           |    98 |   161 |   340 ||   599
       Scythe            |       |       |    76 ||    76
Throw: Throwing net      |     9 |       |       ||     9
       Javelin           |       |    21 |    13 ||    34
Invok: Heroism           |       |       |     1 ||     1
  Use: Scroll            |       |    14 |     6 ||    20
       Potion            |       |       |     9 ||     9
 Stab: Sleeping          |       |     2 |     2 ||     4
  Eat: Chunk             |     1 |     6 |    16 ||    23
       Bread ration      |       |       |     2 ||     2
       Pizza             |       |       |     1 ||     1
Armor: Leather armour    |    16 |    29 |    26 ||    71
Dodge: Dodged            |    54 |   117 |   217 ||   388
Block: Large shield      |       |       |    29 ||    29
